Description

Roach timing

Replay - Roach timing

Build Order

Get SALT Encoding   

  12  0:01  Drone  
  13  0:13  Overlord  
  13  0:17  Drone  
  14  0:31  Drone x2  
  16  0:50  Hatchery  
  16  0:53  Drone x2  
  17  1:00  Drone  
  18  1:11  Extractor  
  17  1:17  Spawning Pool  
  16  1:20  Drone x2  
  18  1:29  Drone  
  19  1:40  Drone  
  20  1:52  Overlord  
  20  2:04  Queen x2  
  20  2:05  Zergling x4  
  26  2:14  Drone x2  
  28  2:17  Metabolic Boost  
  29  2:22  Drone x2  
  30  2:36  Drone  
  30  2:37  Overlord  
  31  2:50  Queen  
  33  3:08  Drone x4, Hatchery  
  33  3:12  Overlord  
  36  3:15  Drone  
  37  3:23  Drone x3  
  40  3:30  Queen  
  42  3:42  Lair  
  42  3:50  Roach Warren  
  41  3:56  Drone x8  
  41  3:59  Extractor x2  
  41  4:02  Drone x3  
  50  4:17  Queen  
  52  4:25  Queen  
  52  4:29  Overlord  
  54  4:33  Evolution Chamber x2  
  52  4:41  Glial Reconstitution  
  52  4:44  Drone x7  
  54  4:50  Overlord  
  54  4:51  Drone x3  
  62  5:01  Drone x4  
  62  5:04  Overlord  
  62  5:05  Extractor  
  65  5:09  Zerg Ground Armor Level 1  
  65  5:12  Zerg Missile Weapons Level 1  
  65  5:29  Roach x4  
  65  5:31  Drone x4  
  77  5:36  Hatchery  
  77  5:38  Extractor  
  75  5:45  Drone x5  
  80  5:51  Queen  
  80  5:55  Overlord x4  
  82  6:02  Spore Crawler x2  
  80  6:19  Overlord x2  
  80  6:20  Roach x11  
  102  6:27  Ravager x3  
  102  6:29  Drone x2  
  107  6:33  Overlord  
  107  6:41  Roach x4  
  115  6:52  Roach x3  
  121  6:57  Queen  
  121  6:58  Roach x5  
  133  7:02  Ravager x4  
  133  7:06  Roach x3  
  143  7:10  Overlord x2  
  143  7:28  Extractor  
  143  7:29  Roach x9  
  152  7:45  Roach x5  
  152  7:47  Overlord x5  
  160  8:12  Roach x13  
  186  8:27  Roach x4  
  186  8:33  Roach x3  
Spawning Tool Build Advisor. Get it on Overwolf

Go to:

Details

  • Created by: simmen
  • Published on: Jan 28, 2020
  • Modified on: Jan 28, 2020
  • Patch: 4.11.0
Show
View Real Time Build Order
Export as new Build Order

Comments (0)

There are no comments. Be the first!

Create an account to comment!